 Dungeon Crawl Stone Soup version 0.22-a0-608-g8a62e23 (webtiles) character file.

69 sking99 the Ruffian (level 4, 0/37 HPs)
             Began as a Draconian Transmuter on July 9, 2018.
             Succumbed to an orc wizard's poison
             ... on level 2 of the Dungeon.
             The game lasted 00:02:20 (1827 turns).

sking99 the Ruffian (Draconian Transmuter)          Turns: 1827, Time: 00:02:21

Health: 0/37       AC:  5    Str: 13    XL:     4   Next: 2%
Magic:  5/7        EV: 12    Int: 18    God:
Gold:   57         SH:  0    Dex: 12    Spells: 6/7 levels left

rFire    + . .     SeeInvis .     - Unarmed
rCold    + . .     Gourm    .   (no shield)
rNeg     . . .     Faith    .   (armour unavailable)
rPois    +         Spirit   +   (helmet restricted)
rElec    +         Reflect  .   e - scarf {Spirit}
rCorr    +         Harm     .   (no gloves)
MR       .....                  (boots currently unavailable)
Stlth    +.........             (no amulet)
HPRegen  0.12/turn              (no ring)
MPRegen  0.10/turn              (no ring)

@: brilliant, lethally poisoned (0 -> -18), appendage (expiring), resistant
A: unfitting armour, talons 3, cold-blooded, AC +5
a: End Transformation


You were on level 2 of the Dungeon.
You were not hungry.
You had grown temporary talons.
You visited 1 branch of the dungeon, and saw 3 of its levels.

You collected 57 gold pieces.

Inventory:

Missiles
 a - 12 arrows
Armour
 e - a scarf of spirit shield (worn)
Scrolls
 d - a scroll of identify {unknown}
 f - a scroll of enchant weapon {unknown}
 i - a scroll of amnesia {unknown}
Potions
 b - a potion of brilliance
Comestibles
 c - 5 rations
 g - 3 chunks of flesh


   Skills:
 + Level 2.3 Fighting
 - Level 1.7 Dodging
 * Level 4.2 Unarmed Combat
 - Level 2.0 Spellcasting
 + Level 2.4 Transmutations


You had 6 spell levels left.
You knew the following spells:

 Your Spells              Type           Power        Failure   Level  Hunger
a - Beastly Appendage     Tmut           ###...       1%          1    #......

Your spell library contained the following spells:

 Spells                   Type           Power        Failure   Level  Hunger
 Spider Form              Tmut/Pois      ###.......   4%          3    ###....
 Blade Hands              Tmut           ###.......   19%         5    ######.
 Ice Form                 Ice/Tmut       ###.....     12%         4    #####..
 Sticks to Snakes         Tmut           ###.....     1%          2    ###....


Dungeon Overview and Level Annotations

Branches:
Dungeon (3/15)

Altars:


Innate Abilities, Weirdness & Mutations

Your plain brown scales are hard. (AC +5)
You cannot fit into any form of body armour.
You are cold-blooded and may be slowed by cold attacks.
You have claws for feet.


Message History

You hit the orc wizard.
Your tail-slap misses the orc wizard.
The orc wizard is moderately wounded.
* * * LOW HITPOINT WARNING * * *
You feel sick.
The orc wizard gestures wildly while chanting.
The orc wizard blinks!
Your transformation is almost over.
* * * LOW HITPOINT WARNING * * *
You feel sick. The orc wizard misses you.
Some of the chunks of flesh in your inventory have rotted away.
* * * LOW HITPOINT WARNING * * *
You feel sick.
The orc wizard is no longer moving quickly.
You closely miss the orc wizard.
The orc wizard is moderately wounded.
* * * LOW HITPOINT WARNING * * *
You feel sick.
The orc wizard casts a spell.
The orc wizard blinks!
You die...

#################################
#................................
#.###############################
#.##......................#
#.##.####################.#
#(##<# ###########.##### #.####
#>@.............### #.#
#.#########.###...# #.#
#.#########.####.). #.#
#..................
#.#############o##........####.(#
#.............#.##.######## ###.#
#############.#.##.# #....
#.#.##.# #..((
#.#.##.##########)'##


You could see an orc wizard.

Vanquished Creatures
  An adder (D:2)
  2 dart slugs
  A leopard gecko (D:2)
  2 orcs (D:3)
  A ball python (D:1)
  3 giant cockroaches (D:1)
  10 goblins
  8 hobgoblins
  10 kobolds
  A quokka (D:2)
  5 bats
  A frilled lizard (D:1)
  2 rats (D:1)
47 creatures vanquished.

Notes
Turn   | Place    | Note
-------+----------+-------------------------------------------
     0 | D:1      | sking99 the Draconian Transmuter began the quest for the Orb.
     0 | D:1      | Reached XP level 1. HP: 16/16 MP: 3/3
   236 | D:1      | Reached XP level 2. HP: 23/23 MP: 5/5
   702 | D:1      | Reached XP level 3. HP: 24/29 MP: 6/6
  1244 | D:2      | Reached skill level 4 in Unarmed Combat
  1812 | D:3      | Reached XP level 4. HP: 28/37 MP: 7/7
  1827 | D:2      | Succumbed to an orc wizard's poison

Vault maps used:
D:1:      dpeg_arrival_houses_and_road, minmay_tall_x
D:2:      kennysheep_generic_room_15
D:3:      lemuel_crystal_altar, first_ration, portal_sewer_entry_c,
          nicolae_gozag_cash_rules_everything_around_me, uniq_jessica,
          uniq_robin

Skill      XL: |  1  2  3 |
---------------+----------+-----
Fighting       | 2 |  2.3
Unarmed Combat | 4 |  4.2
Dodging        | |  1.7
Spellcasting   | |  2.0
Transmutations | |  2.4

Action                   |  1- 3 |  4- 6 || total
-------------------------+-------+-------++-------
Melee: Unarmed           |   164 |     6 ||   170
       Punch             |     3 |       ||     3
       Tailslap          |    12 |       ||    12
 Cast: Beastly Appendage |       |     1 ||     1
  Use: Potion            |       |     2 ||     2
 Stab: Sleeping          |     1 |       ||     1
  Eat: Chunk             |     3 |       ||     3
Armor: Skin              |    42 |     6 ||    48
Dodge: Dodged            |    97 |     8 ||   105

Table legend:
 A = Spawn XP
 B = Non-spawn XP
 C = Spawn XP percentage of total XP
 D = Spawn monster count
 E = Non-spawn monster count
 F = Spawn count percentage of total count
 G = Total turns spent on level
                    A         B        C        D         E        F      G
               +---------+---------+-------+---------+---------+-------+---------
         Total |       0 |      99 |   0.0 |       0 |      47 |   0.0 |  1827
               +---------+---------+-------+---------+---------+-------+---------
           D:1 |       0 |      43 |   0.0 |       0 |      26 |   0.0 |   853
           D:2 |       0 |      50 |   0.0 |       0 |      19 |   0.0 |   950
           D:3 |       0 |       6 |   0.0 |       0 |       2 |   0.0 |    24
               +---------+---------+-------+---------+---------+-------+---------
